 Dungeon Crawl Stone Soup version 0.19.5 (webtiles) character file.

198 Jerry the Slasher (level 5, -12/46 HPs)
             Began as a Demigod Fighter on Mar 21, 2017.
             Mangled by an ogre
             ... wielding a +0 giant spiked club
              (30 damage)
             ... on level 4 of the Dungeon.
             The game lasted 00:04:13 (2751 turns).

Jerry the Slasher (Demigod Fighter)                 Turns: 2751, Time: 00:04:14

Health: -12/46     AC:  8    Str: 23    XL:     5   Next: 23%
Magic:  7/7        EV:  9    Int: 12    God:
Gold:   197        SH:  0    Dex: 17    Spells: 0 memorised, 4 levels left

rFire  . . .     SeeInvis .     j - +1 short sword (venom)
rCold  . . .     Gourm    .     b - +0 scale mail
rNeg   . . .     Faith    .     (no shield)
rPois  .         Spirit   .     (no helmet)
rElec  .         Reflect  .     (no cloak)
rCorr  .         Harm     .     h - +0 pair of gloves
MR     .....                    (no boots)
Stlth  ..........               (no amulet)
                                (no ring)
                                l - +4 ring of strength

@: no status effects
A: high mp 1
a: no special abilities


You were on level 4 of the Dungeon.
You were not hungry.

You visited 1 branch of the dungeon, and saw 4 of its levels.

You collected 197 gold pieces.

Inventory:

Hand Weapons
 a - a +0 long sword
 j - a +1 short sword of venom (weapon)
Missiles
 t - a javelin (quivered)
Armour
 b - a +0 scale mail (worn)
 c - a +0 shield
 h - a +0 pair of gloves (worn)
Jewellery
 l - a +4 ring of strength (left hand)
Scrolls
 e - 2 scrolls of random uselessness {unknown}
 g - 2 scrolls of magic mapping {unknown}
 i - a scroll of immolation {unknown}
 k - a scroll of fog {unknown}
 o - 2 scrolls of remove curse {unknown}
 p - a scroll of enchant armour {unknown}
 u - 2 scrolls of identify {unknown}
 w - a scroll of teleportation {unknown}
Potions
 d - a potion of might
 m - 2 potions of curing {unknown}
 r - 2 potions of invisibility {unknown}
 s - a potion of cure mutation {unknown}
 v - a potion of flight {unknown}
Comestibles
 f - 4 bread rations
 q - a slice of pizza


   Skills:
 + Level 3.7 Fighting
 * Level 4.0 Long Blades
 + Level 3.4 Armour
 - Level 2.6 Shields


You had 4 spell levels left.
You didn't know any spells.

Dungeon Overview and Level Annotations

Branches:
Dungeon (4/15)
 Temple: D:4-7


Innate Abilities, Weirdness & Mutations

You have an increased reservoir of magic. (+10% MP)


Message History

You hit the ogre.
The ogre is heavily wounded.
You barely miss the ogre.
The ogre is heavily wounded.
The ogre barely misses you.
You hit the ogre but do no damage.
The ogre is heavily wounded.
The ogre barely misses you.
You barely miss the ogre.
The ogre is heavily wounded.
The orc priest calls down the wrath of Beogh upon you.
Beogh smites you!
The ogre hits you with a giant spiked club!
You hit the ogre.
The ogre is poisoned.
The ogre is severely wounded.
You hit the ogre.
The ogre is almost dead.
The ogre hits you with a giant spiked club!!
Ouch! That really hurt!
You die...

############ . .. ...
.... .....
.....o##############
.(((ooO@...........##
.....o#######.####..#
..(.. ............#
.... .....####..# ...
#......####..# ..
#...##...##..# .
....#....##..#
......_......#
#.##....#...##


You could see an ogre, an orc priest, an orc wizard and 2 orcs.

Vanquished Creatures
  An ogre (D:4)
  A hound skeleton (D:3)
  3 adders
  A gnoll (D:1)
  An ooze (D:2)
  2 worms
  A dart slug (D:2)
  A leopard gecko (D:1)
  2 orcs (D:3)
  2 ball pythons
  3 giant cockroaches
  11 goblins
  6 hobgoblins
  6 kobolds
  A quokka (D:3)
  A bat (D:1)
  5 frilled lizards
  5 rats
  A toadstool (D:1)
54 creatures vanquished.

Vanquished Creatures (others)
  3 toadstools (D:1)
3 creatures vanquished.

Grand Total: 57 creatures vanquished

Notes
Turn   | Place    | Note
-------+----------+-------------------------------------------
     0 | D:1      | Jerry the Demigod Fighter began the quest for the Orb.
     0 | D:1      | Reached XP level 1. HP: 18/18 MP: 3/3
   104 | D:1      | Reached skill level 2 in Long Blades
   205 | D:1      | Reached XP level 2. HP: 7/26 MP: 4/4
  1137 | D:1      | Reached XP level 3. HP: 21/31 MP: 5/5
  1532 | D:2      | Found an iron altar of Okawaru.
  1573 | D:2      | Reached skill level 3 in Long Blades
  2169 | D:3      | Reached XP level 4. HP: 38/38 MP: 6/6
  2572 | D:3      | Found an iron altar of Okawaru.
  2717 | D:4      | Found a hazy altar of Hepliaklqana.
  2739 | D:4      | Noticed an ogre
  2742 | D:4      | Noticed an ogre
  2743 | D:4      | Killed an ogre
  2743 | D:4      | Reached skill level 4 in Long Blades
  2743 | D:4      | Reached XP level 5. HP: 46/46 MP: 7/7
  2751 | D:4      | Mangled by an ogre

Skill      XL: |  1  2  3  4 |
---------------+-------------+-----
Long Blades    | 2 3 4 |  4.0
Fighting       | 3 |  3.7
Armour         | 3 |  3.4
Shields        | |  2.6

Action                   |  1- 3 |  4- 6 || total
-------------------------+-------+-------++-------
Melee: Long sword        |    71 |       ||    71
       Short sword       |    43 |    33 ||    76
Throw: Javelin           |       |     6 ||     6
  Eat: Chunk             |     4 |     2 ||     6
Armor: Scale mail        |    61 |    18 ||    79
Dodge: Dodged            |    62 |     8 ||    70
       Rpst.: Long sword |    16 |       ||    16
